MLB
MILWAUKEE BREWERS @ ST. LOUIS CARDINALS
03/24/2048
 
TOP OF THE 1ST
Milwaukee Brewers batting - Pitching for St. Louis Cardinals : LHP Antonio Lacayo
Pitching: LHP Antonio Lacayo
Batting: SHB Junzo Kato 0-0: Foul Ball, location: 2F
0-1: Fly out, F7 (Flyball, 78S, EV 96.2 MPH)
Batting: RHB Adrian Rudkilde 0-0: Foul Ball, location: 2F
0-1: Called Strike
0-2: Ball
1-2: Ball
2-2: Strikes out swinging
Batting: SHB Lewis Thorpe Jr. 0-0: Foul Ball, location: 2F
0-1: Called Strike
0-2: Ball
1-2: Ball
2-2: Fly out, F9 (Line Drive, 9, EV 95.6 MPH)
Top of the 1st over - 0 runs, 0 hits, 0 errors, 0 left on base; Milwaukee 0 - St. Louis 0
BOTTOM OF THE 1ST
St. Louis Cardinals batting - Pitching for Milwaukee Brewers : LHP Nick Martin
Pitching: LHP Nick Martin
Batting: LHB Ichiro Toyota 0-0: Ball
1-0: Called Strike
1-1: Ground out 1-3 (Groundball, 23, EV 67.5 MPH)
Batting: RHB Jordan Diaz 0-0: Ball
1-0: Called Strike
1-1: Ball
2-1: Foul Ball, location: 2F
2-2: Ball
3-2: SINGLE (Line Drive, 8LS, EV 98.8 MPH)
Batting: SHB Antoine Roux 0-0: Called Strike
Jordan Diaz steals 2nd base
0-1: Ball
1-1: Ball
2-1: Called Strike
2-2: Foul Ball, location: 2F
2-2: Fly out, F8 (Flyball, 8LD, EV 108.8 MPH)
Batting: RHB Melvin Enriquez 0-0: Foul Ball, location: 2F
0-1: Ball
1-1: Ground out 6-3 (Groundball, 6MS, EV 88.8 MPH)
Bottom of the 1st over - 0 runs, 1 hit, 0 errors, 1 left on base; Milwaukee 0 - St. Louis 0
TOP OF THE 2ND
Milwaukee Brewers batting - Pitching for St. Louis Cardinals : LHP Antonio Lacayo
Batting: RHB Kisho Ito 0-0: Ball
1-0: Called Strike
1-1: Swinging Strike
1-2: Ground out 6-3 (Groundball, 6M, EV 82.5 MPH)
Batting: RHB Daniel Donovan 0-0: Swinging Strike
0-1: SINGLE (Line Drive, 6M, EV 111.9 MPH)
Batting: RHB Noah Stanley 0-0: Foul Ball, location: 2F
0-1: Grounds into double play, U6-3 (Groundball, 4MS, EV 78.8 MPH)
Top of the 2nd over - 0 runs, 1 hit, 0 errors, 0 left on base; Milwaukee 0 - St. Louis 0
BOTTOM OF THE 2ND
St. Louis Cardinals batting - Pitching for Milwaukee Brewers : LHP Nick Martin
Batting: SHB Chris Blue 0-0: Fly out, F7 (Line Drive, 7LM, EV 104.4 MPH)
Batting: SHB Harry Hoop 0-0: Called Strike
0-1: Ball
1-1: Ground out 6-3 (Groundball, 6, EV 107.5 MPH)
Batting: RHB Klaas Meij 0-0: Ground out 4-3 (Groundball, 4M, EV 96.2 MPH)
Bottom of the 2nd over - 0 runs, 0 hits, 0 errors, 0 left on base; Milwaukee 0 - St. Louis 0
TOP OF THE 3RD
Milwaukee Brewers batting - Pitching for St. Louis Cardinals : LHP Antonio Lacayo
Batting: RHB Ryan Neal 0-0: Ball
1-0: Ball
2-0: Foul Ball, location: 2F
2-1: Foul Ball, location: 2F
2-2: Foul Ball, location: 2F
2-2: Ball
3-2: Strikes out swinging
Batting: RHB Colin Boddy 0-0: Ball
1-0: Called Strike
1-1: Called Strike
1-2: Foul Ball, location: 2F
1-2: Ball
2-2: Strikes out swinging
Batting: LHB Alfredo de la Cruz 0-0: Ball
1-0: Called Strike
1-1: Ball
2-1: Foul Ball, location: 2F
2-2: Ball
3-2: Foul Ball, location: 2F
3-2: Fly out, F9 (Flyball, 9LM, EV 96.2 MPH)
Top of the 3rd over - 0 runs, 0 hits, 0 errors, 0 left on base; Milwaukee 0 - St. Louis 0
BOTTOM OF THE 3RD
St. Louis Cardinals batting - Pitching for Milwaukee Brewers : LHP Nick Martin
Batting: RHB Joe Alley 0-0: Called Strike
0-1: Foul Ball, location: 2F
0-2: Strikes out swinging
Batting: RHB Fabrice Bertin 0-0: Ball
1-0: Ball
2-0: Fly out, F7 (Flyball, 7D, EV 106.2 MPH)
Batting: LHB Ichiro Toyota 0-0: Ball
1-0: SINGLE (Line Drive, 3D, EV 97.5 MPH)
Batting: RHB Jordan Diaz 0-0: Swinging Strike
0-1: Ball
1-1: Swinging Strike
1-2: Ball
2-2: Ball
3-2: SINGLE (Groundball, 6MD, EV 95.0 MPH)
Ichiro Toyota to second
Ichiro Toyota to third
Batting: SHB Antoine Roux 0-0: Called Strike
0-1: Swinging Strike
0-2: Ground out 2-3 (Groundball, 2R, EV 63.8 MPH)
Bottom of the 3rd over - 0 runs, 2 hits, 0 errors, 2 left on base; Milwaukee 0 - St. Louis 0
TOP OF THE 4TH
Milwaukee Brewers batting - Pitching for St. Louis Cardinals : LHP Antonio Lacayo
Batting: SHB Junzo Kato 0-0: Called Strike
0-1: Ball
1-1: Fly out, F9 (Flyball, 9LS, EV 85.0 MPH)
Batting: RHB Adrian Rudkilde 0-0: Foul Ball, location: 2F
0-1: Ground out 6-3 (Groundball, 6, EV 90.6 MPH)
Batting: SHB Lewis Thorpe Jr. 0-0: Called Strike
0-1: Ball
1-1: Foul Ball, location: 2F
1-2: Hit by Pitch
Batting: RHB Kisho Ito 0-0: Called Strike
Lewis Thorpe Jr. is caught stealing 2nd base 2-4
Top of the 4th over - 0 runs, 0 hits, 0 errors, 0 left on base; Milwaukee 0 - St. Louis 0
BOTTOM OF THE 4TH
St. Louis Cardinals batting - Pitching for Milwaukee Brewers : LHP Nick Martin
Batting: RHB Melvin Enriquez 0-0: Fly out, F9 (Flyball, 89M, EV 96.9 MPH)
Batting: SHB Chris Blue 0-0: Called Strike
0-1: Foul Ball, location: 2F
0-2: DOUBLE (Flyball, 8RXD, EV 104.4 MPH)
Batting: SHB Harry Hoop 0-0: Ball
1-0: Called Strike
1-1: Ground out 6-3 (Groundball, P, EV 78.8 MPH)
Chris Blue to third
Batting: RHB Klaas Meij 0-0: Called Strike
0-1: Ball
1-1: Ball
2-1: Fly out, F9 (Flyball, 9LS, EV 81.9 MPH)
Bottom of the 4th over - 0 runs, 1 hit, 0 errors, 1 left on base; Milwaukee 0 - St. Louis 0
TOP OF THE 5TH
Milwaukee Brewers batting - Pitching for St. Louis Cardinals : LHP Antonio Lacayo
Pitching: RHP Casey Cogdill
Now at C: Kalidas Mishra
Now at 2B: Luke Robbins
Now at 3B: Jason Kirby
Now at SS: Billy Guzman
Now in CF: Tommy Boudreaux
Batting: RHB Kisho Ito 0-0: Called Strike
0-1: Ground out 4-3 (Groundball, 4, EV 85.0 MPH)
Batting: RHB Daniel Donovan 0-0: Ball
1-0: Hit by Pitch
Batting: RHB Noah Stanley 0-0: Ball
1-0: Called Strike
Daniel Donovan is caught stealing 2nd base 2-4
1-1: Ground out U3 (Groundball, 34, EV 85.6 MPH)
Top of the 5th over - 0 runs, 0 hits, 0 errors, 0 left on base; Milwaukee 0 - St. Louis 0
BOTTOM OF THE 5TH
St. Louis Cardinals batting - Pitching for Milwaukee Brewers : LHP Nick Martin
Pitching: RHP Chris Geraci
Now at 1B: Chris King
Now at SS: Joe LaDue
Batting: RHB Joe Alley 0-0: Foul Ball, location: 2F
0-1: Foul Ball, location: 2F
0-2: Ball
1-2: Ball
2-2: Foul Ball, location: 2F
2-2: Foul Ball, location: 2F
2-2: Ground out 1-3 (Groundball, 34S, EV 75.0 MPH)
Batting: RHB Fabrice Bertin 0-0: Called Strike
0-1: Ball
1-1: Ball
2-1: Foul Ball, location: 2F
2-2: Strikes out looking
Batting: LHB Billy Guzman 0-0: Fly out, F8 (Line Drive, 8LM, EV 108.1 MPH)
Bottom of the 5th over - 0 runs, 0 hits, 0 errors, 0 left on base; Milwaukee 0 - St. Louis 0
TOP OF THE 6TH
Milwaukee Brewers batting - Pitching for St. Louis Cardinals : RHP Casey Cogdill
Now in LF: Austin Akers
Batting: RHB Ryan Neal 0-0: Ball
1-0: Ball
2-0: Swinging Strike
2-1: Fly out, F8 (Line Drive, 8LS, EV 89.4 MPH)
Batting: RHB Colin Boddy 0-0: Swinging Strike
0-1: Ball
1-1: Ball
2-1: Ball
3-1: Foul Ball, location: 2F
3-2: Foul Ball, location: 2F
3-2: Strikes out looking
Batting: LHB Alfredo de la Cruz 0-0: Called Strike
0-1: Ball
1-1: Ball
2-1: Ball
3-1: Swinging Strike
3-2: Foul Ball, location: 2F
3-2: Base on Balls
Batting: RHB Chris King 0-0: Ball
1-0: Foul Ball, location: 2F
1-1: Ball
2-1: Ball
3-1: Base on Balls
Alfredo de la Cruz to second
Batting: RHB Adrian Rudkilde 0-0: Called Strike
0-1: Foul Ball, location: 2F
0-2: Strikes out swinging
Top of the 6th over - 0 runs, 0 hits, 0 errors, 2 left on base; Milwaukee 0 - St. Louis 0
BOTTOM OF THE 6TH
St. Louis Cardinals batting - Pitching for Milwaukee Brewers : RHP Chris Geraci
Pitching: RHP Mark Hincks
Now at C: Ben Campbell
Now at 2B: Sadataka Kuwahara
Now in RF: Gabe Harvey
Batting: LHB Armando Carbajal 0-0: Foul Ball, location: 2F
0-1: Swinging Strike
0-2: Ball
1-2: Foul Ball, location: 2F
1-2: Hit by Pitch
Batting: SHB Luke Robbins 0-0: Swinging Strike
0-1: Ball
1-1: Swinging Strike
1-2: Ball
2-2: Strikes out swinging
Batting: RHB Austin Akers 0-0: Ball
1-0: Ball
2-0: Called Strike
2-1: Ball
3-1: Fly out, F8 (Flyball, 78S, EV 93.1 MPH)
Batting: SHB Jason Kirby 0-0: Foul Ball, location: 2F
0-1: Ball
1-1: Ball
2-1: Ball
3-1: Foul Ball, location: 2F
3-2: Foul Ball, location: 2F
3-2: Strikes out looking
Bottom of the 6th over - 0 runs, 0 hits, 0 errors, 1 left on base; Milwaukee 0 - St. Louis 0
TOP OF THE 7TH
Milwaukee Brewers batting - Pitching for St. Louis Cardinals : RHP Casey Cogdill
Pitching: RHP David Murphy
Pinch Hitting: SHB Pat Wilson 0-0: Swinging Strike
0-1: Foul Ball, location: 2F
0-2: Ball
1-2: Strikes out swinging, 2-3 out at first.
Batting: RHB Joe LaDue 0-0: SINGLE (Groundball, 3S, EV 74.4 MPH) (infield hit)
Pinch Hitting: RHB Akitada Nishizawa 0-0: Ball
1-0: Ball
2-0: Swinging Strike
2-1: Foul Ball, location: 2F
2-2: Foul Ball, location: 2F
2-2: Strikes out swinging
Batting: LHB Gabe Harvey 0-0: Called Strike
0-1: SINGLE (Groundball, 4M, EV 95.0 MPH) (infield hit)
Joe LaDue to second
Pinch Hitting: RHB Mike Ball 0-0: Ball
1-0: Called Strike
1-1: Ball
2-1: SINGLE (Groundball, 56D, EV 104.4 MPH)
Joe LaDue to third
Gabe Harvey to second
Runner from 3rd tries for Home, SAFE, throw by LF to home
Batting: RHB Sadataka Kuwahara 0-0: Foul Ball, location: 2F
0-1: Ball
1-1: Fly out, F9 (Flyball, 9LD, EV 85.0 MPH)
Top of the 7th over - 1 run, 3 hits, 0 errors, 2 left on base; Milwaukee 1 - St. Louis 0
BOTTOM OF THE 7TH
St. Louis Cardinals batting - Pitching for Milwaukee Brewers : RHP Mark Hincks
Now at 3B: Mike Ball
Now in LF: Pat Wilson
Now in CF: Akitada Nishizawa
Batting: RHB Tommy Boudreaux 0-0: Ball
1-0: Ball
2-0: Called Strike
2-1: Ball
3-1: Foul Ball, location: 2F
3-2: Ground out 4-3 (Groundball, 4, EV 86.2 MPH)
Batting: RHB Kalidas Mishra 0-0: Foul Ball, location: 2F
0-1: Foul Ball, location: 2F
0-2: Strikes out swinging
Pinch Hitting: RHB Mike Bates 0-0: Ball
1-0: Foul Ball, location: 2F
1-1: DOUBLE (Flyball, 8LXD, EV 92.5 MPH)
Pinch Hitting: RHB Danny Gallo 0-0: Ball
1-0: Foul Ball, location: 2F
1-1: Fly out, F8 (Flyball, 78D, EV 80.6 MPH)
Bottom of the 7th over - 0 runs, 1 hit, 0 errors, 1 left on base; Milwaukee 1 - St. Louis 0
TOP OF THE 8TH
Milwaukee Brewers batting - Pitching for St. Louis Cardinals : RHP David Murphy
Pitching: RHP Rafael Montano
Now at 1B: Mike Bates
Now in RF: Danny Gallo
Batting: RHB Ben Campbell 0-0: Ball
1-0: Called Strike
1-1: Foul Ball, location: 2F
1-2: Ground out 1-3 (Groundball, 13S, EV 63.8 MPH)
Batting: RHB Chris King 0-0: Swinging Strike
0-1: Foul Ball, location: 2F
0-2: Ball
1-2: Ball
2-2: Foul Ball, location: 2F
2-2: SINGLE (Line Drive, 8RS, EV 93.1 MPH)
Batting: RHB Adrian Rudkilde 0-0: Ball
Pickoff Throw to First - Out! 1-3 CS
1-0: Ball
2-0: Called Strike
2-1: Foul Ball, location: 2F
2-2: Ball
3-2: Strikes out swinging
Top of the 8th over - 0 runs, 1 hit, 0 errors, 0 left on base; Milwaukee 1 - St. Louis 0
BOTTOM OF THE 8TH
St. Louis Cardinals batting - Pitching for Milwaukee Brewers : RHP Mark Hincks
Pitching: RHP Chitoji Takemoto
Batting: LHB Billy Guzman 0-0: Called Strike
0-1: Ball
1-1: Called Strike
1-2: Foul Ball, location: 2F
1-2: Strikes out looking
Batting: LHB Armando Carbajal 0-0: Ball
1-0: Ball
2-0: Foul Ball, location: 2F
2-1: Fly out, F9 (Flyball, 9LD, EV 78.1 MPH)
Batting: SHB Luke Robbins 0-0: Called Strike
0-1: Ball
1-1: Ball
2-1: Ball
3-1: Swinging Strike
3-2: Foul Ball, location: 2F
3-2: Base on Balls
Pinch Hitting: LHB Travis Ruppel 0-0: Called Strike
0-1: SINGLE (Flyball, 5D, EV 82.5 MPH)
Luke Robbins to second
Batting: SHB Jason Kirby 0-0: Fly out, F8 (Line Drive, 8LD, EV 91.2 MPH)
Bottom of the 8th over - 0 runs, 1 hit, 0 errors, 2 left on base; Milwaukee 1 - St. Louis 0
TOP OF THE 9TH
Milwaukee Brewers batting - Pitching for St. Louis Cardinals : RHP Rafael Montano
Pitching: RHP Bryan Banana
Now in LF: Travis Ruppel
Batting: SHB Pat Wilson 0-0: Swinging Strike
0-1: Called Strike
0-2: Ball
1-2: Foul Ball, location: 2F
1-2: Fly out, F9 (Flyball, 9S, EV 89.4 MPH)
Batting: RHB Joe LaDue 0-0: Ball
1-0: Ground out U3 (Groundball, 3S, EV 85.0 MPH)
Batting: RHB Akitada Nishizawa 0-0: Foul Ball, location: 2F
0-1: SINGLE (Flyball, 6MD, EV 89.4 MPH)
Pitching: RHP Josh Sandoval
Batting: LHB Gabe Harvey 0-0: Ball
1-0: Ball
2-0: Ball
3-0: Called Strike
3-1: SINGLE (Groundball, 34S, EV 77.5 MPH) (infield hit)
Akitada Nishizawa to second
Batting: RHB Mike Ball 0-0: Ball
1-0: SINGLE (Flyball, 8RS, EV 86.9 MPH)
Akitada Nishizawa to third
Gabe Harvey to second
Runner from 3rd tries for Home, throw by CF and OUT! 8-2
Top of the 9th over - 0 runs, 3 hits, 0 errors, 2 left on base; Milwaukee 1 - St. Louis 0
BOTTOM OF THE 9TH
St. Louis Cardinals batting - Pitching for Milwaukee Brewers : RHP Chitoji Takemoto
Pitching: RHP Mekonen Mahfudh
Batting: RHB Tommy Boudreaux 0-0: Ball
1-0: Called Strike
1-1: Ball
2-1: Ball
3-1: Foul Ball, location: 2F
3-2: Ground out 3-1 (Groundball, 34, EV 88.1 MPH)
Batting: RHB Kalidas Mishra 0-0: Foul Ball, location: 2F
0-1: Called Strike
0-2: Ball
1-2: Foul Ball, location: 2F
1-2: Ball
2-2: Foul Ball, location: 2F
2-2: SINGLE (Groundball, 34D, EV 103.1 MPH)
Batting: RHB Mike Bates 0-0: Ball
1-0: Called Strike
1-1: Ball
2-1: Swinging Strike
2-2: Grounds into double play, 4-6-3 (Groundball, 4S, EV 84.4 MPH)
Bottom of the 9th over - 0 runs, 1 hit, 0 errors, 0 left on base; Milwaukee 1 - St. Louis 0
Tuesday, March 28th , 2023 - OOTP Baseball 23.10 Build 110